 Dungeon Crawl Stone Soup version 0.27-a0-1456-gf5a116941d (webtiles) character file.

Game seed: 15772944693652207335

86 dickylongcocking the Magician (level 4, 0/32 HPs)
             Began as a Djinni Wanderer on July 6, 2021.
             Slain by an iguana (12 damage)
             ... on level 2 of the Dungeon.
             The game lasted 00:02:34 (1960 turns).

dickylongcocking the Magician (Djinni Wanderer)     Turns: 1960, Time: 00:02:35

Health: 0/32       AC:  8    Str: 14    XL:     4   Next: 78%
Gold:   106        EV:  9    Int: 14    God:
                   SH:  0    Dex: 10

rFire    + + .     SeeInvis .   g - +2 short sword (protect)
rCold    x . .     Faith    .   (no shield)
rNeg     . . .     Spirit   .   b - +2 scale mail
rPois    ∞         Reflect  .   (no helmet)
rElec    .         Harm     .   (no cloak)
rCorr    .         Rampage  .   (no gloves)
Will     .....                  (boots unavailable)
Stlth    ..........             (no amulet)
HPRegen  0.10/turn              (no ring)
MPRegen  0.00/turn              (no ring)

@: flying, very slightly contaminated
A: sickness immunity, fire resistance 2, cold vulnerability 1, float, innate
caster, hp casting, extra vitality 1
a: no special abilities


You were on level 2 of the Dungeon.
You visited 1 branch of the dungeon, and saw 2 of its levels.

You collected 106 gold pieces.

Inventory:

Hand Weapons
 a - a +0 club
 g - a +2 short sword of protection (weapon)
Missiles
 f - 37 stones
Armour
 b - a +2 scale mail (worn)
 d - +0 gold dragon scales
Jewellery
 e - a ring of resist corrosion
Scrolls
 h - a scroll of immolation {unknown}
 i - a scroll of identify {unknown}
Potions
 c - a potion of attraction {unknown}
 j - 2 potions of flight {unknown}
 k - a potion of mutation {unknown}


   Skills:
 - Level 1.2 Fighting
 * Level 2.2 Short Blades
 - Level 1.0 Axes
 - Level 0.1(0.5) Maces & Flails
 - Level 3.0 Armour
 + Level 1.1 Dodging
 - Level 1.0 Stealth
 + Level 3.1 Spellcasting
 - Level 1.0 Evocations


You couldn't memorise any spells.
You knew the following spells:

 Your Spells              Type           Power      Damage    Failure   Level
a - Teleport Other        Tloc           10%        N/A       58%         3
b - Apportation           Tloc           20%        N/A       24%         1
c - Stone Arrow           Conj/Erth      20%        3d8       58%         3
d - Sandblast             Erth           20%        2d7       24%         1
e - Animate Skeleton      Necr           20%        N/A       24%         1

Your spell library contained the following spells:

 Spells                   Type           Power      Damage    Failure   Level


Dungeon Overview and Level Annotations

Branches:
Dungeon (2/15)

Altars:


Innate Abilities, Weirdness & Mutations

You are immune to sickness and miasma.
You are immune to poison.
Your flesh is very heat resistant. (rF++)
You are vulnerable to cold. (rC-)
You float through the air rather than walking.
You learn spells naturally, not from books.
Your magical power is your life essence.
You have superior vitality. (+4 HP)


Message History

Press: ? - help, Shift-Dir - straight line, f - iguana
Aim: an iguana (heavily wounded, 82% to hit)
You miscast Sandblast.
You are very lightly contaminated with residual magic.
Nothing appears to happen.
The iguana bites you.
Unknown command.
Unknown command.
Unknown command.
Casting: Sandblast (safe; 24% risk of failure)
Confirm with . or Enter, or press ? or * to list all spells.
Aiming: Sandblast (safe; 24% risk of failure)
Press: ? - help, Shift-Dir - straight line, f/p - iguana
Aim: an iguana (heavily wounded, 82% to hit)
The blast of sand hits the iguana but does no damage.
The iguana is heavily wounded.
f - 39 stones The iguana bites you.
Unknown command.
Unknown command.
Casting: Sandblast (safe; 24% risk of failure)
Confirm with . or Enter, or press ? or * to list all spells.
Aiming: Sandblast (safe; 24% risk of failure)
Press: ? - help, Shift-Dir - straight line, f/p - iguana
Aim: an iguana (heavily wounded, 82% to hit)
The blast of sand hits the iguana.
The iguana is severely wounded.
f - 38 stones The iguana bites you.
Unknown command.
Unknown command.
Casting: Sandblast (safe; 24% risk of failure)
Confirm with . or Enter, or press ? or * to list all spells.
Aiming: Sandblast (safe; 24% risk of failure)
Press: ? - help, Shift-Dir - straight line, f/p - iguana
Aim: an iguana (severely wounded, 82% to hit)
The blast of sand hits the iguana.
The iguana is severely wounded.
f - 37 stones The iguana bites you!
You die...

#....# #...# #..#
#....# ###.#######..#
#....# ..........# # ?
######
#.#############.#.#....
#......................
#######.#.......#.....#
#.#..#..#...?....
#l#..#..#........
#@#..#.......#.##
#.#..#..##...#.#
#.#..#... .### #
#.#..###.#.. #(# #.#
#.# #.#


You could see an iguana.

Vanquished Creatures
  An orc priest (D:2)
  A worm (D:2)
  A dart slug (D:1)
  8 ball pythons
  4 bats
  2 endoplasms
  5 giant cockroaches
  3 goblins
  3 hobgoblins
  6 jackals
  5 kobolds
  3 quokkas
  A frilled lizard (D:1)
  A rat (D:2)
44 creatures vanquished.

Vanquished Creatures (others)
  A plant (D:1)
1 creature vanquished.

Grand Total: 45 creatures vanquished

Notes
Turn   | Place    | Note
-------+----------+-------------------------------------------
     0 | D:1      | dickylongcocking the Djinni Wanderer began the quest for
                  | the Orb.
     0 | D:1      | Reached XP level 1. HP: 17/17 MP: 0/0
   323 | D:1      | Reached XP level 2. HP: 14/22 MP: 0/0
   852 | D:1      | Found a faded altar of an unknown god.
  1068 | D:1      | Reached XP level 3. HP: 27/27 MP: 0/0
  1068 | D:1      | Learned a level 1 spell: Animate Skeleton
  1428 | D:2      | Reached skill level 1 in Short Blades
  1706 | D:2      | Reached XP level 4. HP: 32/32 MP: 0/0
  1736 | D:2      | Reached skill level 1 in Dodging
  1960 | D:2      | Slain by an iguana

Illustrated notes

Levels and vault maps discovered:
D:1:      minmay_arrival_widening_spiral_wide, layout_rooms,
          chequers_ecumenical_altar_lobes, nrook_loot_triangle
D:2:      minmay_chambers_of_ones, layout_basic, basic_altar

Skill      XL: |  1  2  3  4 |
---------------+-------------+-----
Spellcasting   | 3 |  3.1
Short Blades   | 1 2 |  2.2
Dodging        | 1 |  1.1
Fighting       | |  1.2
Axes           | |  1.0
Maces & Flails | |  0.1
Armour         | |  3.0
Stealth        | |  1.0
Evocations     | |  1.0

Action                   |  1- 3 |  4- 6 || total
-------------------------+-------+-------++-------
Melee: Club              |    39 |       ||    39
       Short sword       |   105 |    33 ||   138
 Cast: Sandblast         |     4 |     7 ||    11
Armor: Scale mail        |    91 |    26 ||   117
Dodge: Dodged            |    76 |    19 ||    95

Table legend: (Time is in decaauts)
 A = Elapsed time spent in this place.
 B = Non-inter-level travel time spent in this place.
 C = Inter-level travel time spent in this place.
 D = Time resting spent in this place.
 E = Time spent auto-exploring this place.
 F = Levels seen in this place.
 G = Mean time per level.
                   A        B        C        D        E       F      G
               +--------+--------+--------+--------+--------+-----+--------+
         Total |   1978 |   1976 |      2 |    190 |   1389 |   2 |  989.0 |
       Dungeon |   1978 |   1976 |      2 |    190 |   1389 |   2 |  989.0 |
               +--------+--------+--------+--------+--------+-----+--------+

Top non-repeatable levels by time:
     D:1: 1246 daAuts
     D:2: 731 daAuts
